 Dungeon Crawl Stone Soup version 0.26.1-10-gdfb7c7de75 (webtiles) character file.

Game seed: 14956144651750388597

849 Almogavar the Shooter (level 8, -9/63 HPs)
             Began as a Gnoll Wanderer on Apr 7, 2021.
             Killed by divine providence
             ... invoked by an orc priest
              (10 damage)
             ... on level 5 of the Dungeon.
             The game lasted 00:13:28 (5348 turns).

Almogavar the Shooter (Gnoll Wanderer)              Turns: 5348, Time: 00:13:29

Health: -9/63      AC: 11    Str: 16    XL:     8   Next: 1%
Magic:  13/14      EV: 11    Int: 14    God:
Gold:   246        SH:  5    Dex: 16    Spells: 14/15 levels left

rFire    . . .     SeeInvis .   f - +2 short sword (holy)
rCold    . . .     Faith    .   (no shield)
rNeg     . . .     Spirit   .   b - +2 scale mail
rPois    .         Reflect  +   (no helmet)
rElec    .         Harm     .   v - +0 cloak
rCorr    +         Rampage  .   n - +0 pair of gloves
Will     .....                  (no boots)
Stlth    +.........             y - amulet of reflection
HPRegen  0.20/turn              g - ring of resist corrosion
MPRegen  0.14/turn              (no ring)

@: no status effects
A: distributed training, fangs 1, strong nose
a: no special abilities


You were on level 5 of the Dungeon.
You visited 1 branch of the dungeon, and saw 5 of its levels.
You also visited: Sewer.

You collected 246 gold pieces.

Inventory:

Hand Weapons
 a - a +0 hand axe
 f - a +2 short sword of holy wrath (weapon)
Missiles
 c - 46 arrows
 l - 5 poisoned darts (quivered)
 p - 7 javelins
Armour
 b - a +2 scale mail (worn)
 n - a +0 pair of gloves (worn)
 v - a +0 cloak (worn)
Jewellery
 g - a ring of resist corrosion (left hand)
 y - an amulet of reflection (around neck)
Wands
 w - a wand of digging (5)
Scrolls
 e - a scroll of amnesia
 i - 2 scrolls of fog
 j - 5 scrolls of teleportation
 o - a scroll of fear
 s - a scroll of remove curse
 t - a scroll of magic mapping
Potions
 d - 3 potions of flight
 h - 3 potions of degeneration {unknown}
 k - a potion of attraction {unknown}
 m - a potion of curing {unknown}
 r - 2 potions of mutation {unknown}
 u - a potion of cancellation {unknown}


   Skills:
 + Level 5.4 Fighting
 + Level 2.8 Short Blades
 + Level 2.8 Long Blades
 + Level 2.8 Axes
 + Level 2.8 Maces & Flails
 + Level 2.8 Polearms
 + Level 2.8 Staves
 + Level 2.8 Slings
 + Level 5.4 Bows
 + Level 2.8 Crossbows
 + Level 3.9 Throwing
 + Level 3.9 Armour
 + Level 2.8 Dodging
 + Level 2.8 Stealth
 + Level 2.8 Shields
 + Level 2.8 Unarmed Combat
 + Level 4.0 Spellcasting
 + Level 2.3 Conjurations
 + Level 3.2 Hexes
 + Level 2.3 Summonings
 + Level 2.3 Necromancy
 + Level 2.3 Translocations
 + Level 3.2 Transmutations
 + Level 2.3 Fire Magic
 + Level 2.3 Ice Magic
 + Level 2.3 Air Magic
 + Level 2.3 Earth Magic
 + Level 2.3 Poison Magic
 + Level 3.1 Invocations
 + Level 3.9 Evocations


You had 14 spell levels left.
You knew the following spells:

 Your Spells              Type           Power        Failure   Level
a - Freeze                Ice            36%          26%         1

Your spell library contained the following spells:

 Spells                   Type           Power        Failure   Level
 Magic Dart               Conj           36%          26%         1
 Slow                     Hex            11%          26%         2
 Blink                    Tloc           N/A          36%         2
 Call Imp                 Summ           9%           36%         2
 Conjure Flame            Conj/Fire      9%           58%         3
 Mephitic Cloud           Conj/Pois/Air  9%           58%         3
 Ozocubu's Armour         Ice            9%           58%         3


Dungeon Overview and Level Annotations

Branches:
Dungeon (5/15)              Sewer (visited)
 Temple: D:4-7

Altars:
Ashenzari
Makhleb
Vehumet


Innate Abilities, Weirdness & Mutations

Your experience applies equally to all skills.
You have very sharp teeth.
Your uncanny sense of smell can sniff out nearby items.


Message History

You closely miss the orc.
The orc priest calls upon Beogh to heal the orc.
The orc's wounds heal themselves!
The orc barely misses you.
You hit the orc.
The orc is moderately wounded.
The orc priest looks satisfied for a moment.
You block the orc's attack.
You closely miss the orc.
The orc is almost dead.
You kill the orc!
You hit the orc priest. You bite the orc priest.
The orc priest is severely wounded.
The orc priest calls down the wrath of Beogh upon you.
Beogh smites you!
* * * LOW HITPOINT WARNING * * *
You closely miss the orc priest.
The orc priest is severely wounded.
The orc priest mumbles some strange prayers to Beogh against you.
Beogh smites you!
You die...

*,,,,,,......,,,* #...)....#
*,,,,,,,,,>,,,,,* ###.)....#
*,,,,,,,.,,,,,,,* #..#....#*
*,,,,,,,..,,,,,,* #.#####..#
**,,,,,,,.((,,,∆,* ##.# *,.#
**,,,,,,,(..(,,,,* ####.(# *,,#
,**,,,,,,.....∆,*###....## *,,,
,***,,,,,#...(Z###...#### *,∆, <*
***********#o@..### *,,, ,*
#..####**********,,,
,************#.#**,,,,,,,,,,,,,,,
,,<,,,,,,,,,...,,,,***********,,,
,**********##.****** *,,, ,** #.*
*,,, ,,****** **#,* *,** *,,*,,,*
**,,,* *,* **,,>,,* *,,*** *,*


You could see an orc priest (poisoned) and a hound zombie.

Vanquished Creatures
  Edmund (D:5)
  Purgy (Sewer)
  An ice beast (D:5)
  A howler monkey (D:5)
  An orc priest (D:5)
  A centaur skeleton (D:4)
  3 orc wizards
  2 iguanas
  A worker ant (D:4)
  Natasha (thrice) (D:4)
  7 adders
  2 gnolls (D:3)
  A river rat (D:5)
  An ooze (D:2)
  2 worms
  5 dart slugs
  2 leopard geckos (D:2)
  11 orcs
  7 giant cockroaches
  8 goblins
  5 hobgoblins (D:1)
  4 jackals (D:4)
  2 ball pythons
  6 bats
  3 frilled lizards
  12 kobolds
  9 rats
102 creatures vanquished.

Notes
Turn   | Place    | Note
-------+----------+-------------------------------------------
     0 | D:1      | Almogavar the Gnoll Wanderer began the quest for the Orb.
     0 | D:1      | Almogavar set off with the following items: a +0 hand axe,
                  | a +2 scale mail; and the following spell memorised: Freeze;
                  | and the following spells available to memorise: Ozocubu's
                  | Armour
     0 | D:1      | Reached XP level 1. HP: 20/20 MP: 4/4
   276 | D:1      | Reached XP level 2. HP: 26/26 MP: 5/5
   549 | D:1      | Reached XP level 3. HP: 21/31 MP: 7/7
  1096 | D:2      | Found a broken altar of Ashenzari.
  1104 | D:2      | Reached skill level 1 in Invocations
  1283 | D:2      | Reached skill level 1 in Short Blades
  1283 | D:2      | Reached skill level 1 in Long Blades
  1283 | D:2      | Reached skill level 1 in Axes
  1283 | D:2      | Reached skill level 1 in Maces & Flails
  1283 | D:2      | Reached skill level 1 in Polearms
  1283 | D:2      | Reached skill level 1 in Staves
  1283 | D:2      | Reached skill level 1 in Slings
  1283 | D:2      | Reached skill level 1 in Crossbows
  1283 | D:2      | Reached skill level 1 in Dodging
  1283 | D:2      | Reached skill level 1 in Stealth
  1283 | D:2      | Reached skill level 1 in Shields
  1283 | D:2      | Reached skill level 1 in Unarmed Combat
  1372 | D:2      | Reached XP level 4. HP: 38/38 MP: 8/8
  1598 | D:2      | Found a radiant altar of Vehumet.
  1599 | D:2      | Found a burning altar of Makhleb.
  2445 | D:3      | Reached skill level 1 in Conjurations
  2445 | D:3      | Reached skill level 1 in Summonings
  2445 | D:3      | Reached skill level 1 in Necromancy
  2445 | D:3      | Reached skill level 1 in Translocations
  2445 | D:3      | Reached skill level 1 in Fire Magic
  2445 | D:3      | Reached skill level 1 in Ice Magic
  2445 | D:3      | Reached skill level 1 in Air Magic
  2445 | D:3      | Reached skill level 1 in Earth Magic
  2445 | D:3      | Reached skill level 1 in Poison Magic
  3138 | D:4      | Reached XP level 5. HP: 43/43 MP: 9/9
  3609 | D:4      | Noticed Natasha
  3633 | D:4      | Killed Natasha
  3792 | D:4      | Noticed Natasha
  3802 | D:4      | Killed Natasha
  3803 | D:4      | Reached XP level 6. HP: 50/50 MP: 10/10
  3874 | D:4      | Noticed Natasha
  3887 | D:4      | Killed Natasha
  3977 | D:4      | Reached skill level 5 in Fighting
  3977 | D:4      | Reached skill level 5 in Bows
  4171 | D:5      | Entered Level 5 of the Dungeon
  4202 | D:5      | Noticed an ice beast
  4214 | D:5      | Killed an ice beast
  4215 | D:5      | Reached XP level 7. HP: 56/56 MP: 12/12
  4342 | D:5      | Found a glowing drain.
  4348 | Sewer    | Entered a sewer
  4588 | Sewer    | Noticed Purgy
  4624 | Sewer    | Killed Purgy
  5250 | D:5      | Noticed Edmund
  5334 | D:5      | Killed Edmund
  5335 | D:5      | Reached XP level 8. HP: 14/63 MP: 12/14
  5347 | D:5      | HP: 1/63 [orc priest/divine providence (12)]
  5348 | D:5      | Killed from afar by an orc priest

Illustrated notes

Levels and vault maps discovered:
D:1:      lightli_iron_boxes, layout_loops_ring
D:2:      layout_basic, gammafunk_temple_overflow_pools,
          nicolae_ashenzari_panopticon
D:3:      layout_loops_cross
D:4:      layout_basic, st_stairs_5, minmay_surrounded, uniq_natasha
D:5:      layout_rooms, lightli_sewer_entry_pipes, uniq_edmund

Skill      XL: |  1  2  3  4  5  6  7 |
---------------+----------------------+-----
Hexes          | 2 3 |  3.2
Transmutations | 2 3 |  3.2
Invocations    | 1 2 3 |  3.1
Short Blades   | 1 2 |  2.8
Long Blades    | 1 2 |  2.8
Axes           | 1 2 |  2.8
Maces & Flails | 1 2 |  2.8
Polearms       | 1 2 |  2.8
Staves         | 1 2 |  2.8
Slings         | 1 2 |  2.8
Crossbows      | 1 2 |  2.8
Dodging        | 1 2 |  2.8
Stealth        | 1 2 |  2.8
Shields        | 1 2 |  2.8
Unarmed Combat | 1 2 |  2.8
Spellcasting   | 3 4 |  4.0
Conjurations   | 1 2 |  2.3
Summonings     | 1 2 |  2.3
Necromancy     | 1 2 |  2.3
Translocations | 1 2 |  2.3
Fire Magic     | 1 2 |  2.3
Ice Magic      | 1 2 |  2.3
Air Magic      | 1 2 |  2.3
Earth Magic    | 1 2 |  2.3
Poison Magic   | 1 2 |  2.3
Throwing       | 3 |  3.9
Armour         | 3 |  3.9
Evocations     | 3 |  3.9
Fighting       | 5 |  5.4
Bows           | 5 |  5.4

Action                   |  1- 3 |  4- 6 |  7- 9 || total
-------------------------+-------+-------+-------++-------
Melee: Hand axe          |    68 |       |       ||    68
       Bite              |    10 |    26 |    26 ||    62
       Short sword       |    50 |   190 |   216 ||   456
       Punch             |       |     1 |     3 ||     4
Throw: Dart              |       |    37 |    14 ||    51
  Use: Scroll            |       |     5 |     3 ||     8
Armor: Scale mail        |    52 |    79 |   106 ||   237
Dodge: Dodged            |    64 |    89 |   134 ||   287
Block: Other             |       |     2 |    63 ||    65
